Map: [ESL] Hard Lead

Players

herO - Winner!

  • Race: Protoss Protoss
  • Spawn Location: 5:00

Cyan

  • Race: Protoss Protoss
  • Spawn Location: 11:00

Event: IEM Katowice 2024

VOD

Have the link to the VOD?

Description

Time

  • Played on: Feb. 8, 2024, 2:28 p.m.
  • Length: 8:48

All games in this series

Show
View Real Time Build Order
Export as new Build Order

herO Protoss - Winner!

Build Orders: Phoenix Opening, Blink Stalkers 

Get SALT Encoding   

  12  0:00  Probe  
  13  0:12  Probe  
  14  0:16  Pylon  
  14  0:24  Probe (Chrono Boost)  
  16  0:36  Gateway, Probe (Chrono Boost)  
  16  0:43  Probe (Chrono Boost)  
  16  0:46  Assimilator  
  17  0:50  Probe  
  18  1:00  Assimilator  
  18  1:03  Probe (Chrono Boost)  
  19  1:07  Gateway  
  20  1:12  Probe (Chrono Boost)  
  20  1:17  Probe (Chrono Boost)  
  20  1:24  Cybernetics Core  
  21  1:29  Probe  
  22  1:36  Pylon  
  22  1:41  Probe  
  24  1:54  Probe  
  24  2:00  Stalker x2  
  28  2:03  Warp Gate  
  28  2:12  Pylon  
  28  2:29  Pylon  
  28  2:30  Stalker  
  28  2:31  Stalker  
  32  2:53  Nexus  
  32  3:00  Sentry  
  32  3:01  Sentry  
  36  3:06  Probe  
  36  3:10  Pylon  
  36  3:18  Probe  
  37  3:21  Twilight Council  
  37  3:30  Probe  
  37  3:32  Phoenix  
  38  3:42  Probe  
  39  3:50  Blink (Chrono Boost), Adept x2  
  39  3:54  Probe  
  44  4:05  Probe (Chrono Boost)  
  44  4:06  Probe (Chrono Boost)  
  47  4:17  Probe (Chrono Boost)  
  47  4:18  Robotics Facility, Probe (Chrono Boost)  
  48  4:25  Probe x2 (Chrono Boost)  
  50  4:32  Probe x2  
  50  4:36  Stalker x2  
  56  4:44  Probe  
  56  4:45  Probe  
  58  4:48  Phoenix  
  58  4:56  Pylon  
  58  5:00  Nexus  
  58  5:02  Probe x2  
  58  5:06  Observer  
  61  5:11  Pylon  
  61  5:17  Stalker x2  
  61  5:18  Shield Battery  
  61  5:21  Assimilator, Probe  
  65  5:24  Probe  
  65  5:28  Observer  
  68  5:30  Pylon  
  68  5:35  Probe  
  69  5:36  Probe  
  70  5:49  Immortal  
  74  5:51  Stalker x2  
  74  5:52  Probe x2  
  80  6:00  Gateway  
  80  6:05  Gateway  
  80  6:08  Probe  
  80  6:09  Probe  
  82  6:12  Gateway  
  82  6:14  Gateway  
  82  6:19  Sentry x2  
  82  6:21  Probe x3  
  89  6:26  Gateway  
  89  6:28  Charge (Chrono Boost)  
  87  6:33  Probe x2  
  87  6:36  Warp Prism (Chrono Boost)  
  91  6:40  Probe  
  92  6:52  Probe  
  92  6:53  Probe x2  
  93  6:57  Stalker x3  
  97  7:01  Gateway  
  97  7:02  Gateway  
  97  7:14  Zealot, Pylon  
  97  7:15  Observer (Chrono Boost)  
  99  7:19  Pylon, Probe  
  101  7:29  Observer  
  100  7:33  Stalker x4  
  100  7:36  Pylon  
  108  7:38  Zealot x2, Pylon  
  108  7:40  Zealot  
  114  7:51  Immortal (Chrono Boost)  
  114  7:56  Zealot x4  
  114  7:57  Zealot x2  
  130  8:02  Zealot  
  130  8:10  Zealot x2  
  124  8:19  Zealot x6  
  132  8:23  Zealot  
  132  8:40  Zealot x4  
  130  8:45  Zealot x3  
Show
View Real Time Build Order
Export as new Build Order

Cyan Protoss 

Build Orders:  

Get SALT Encoding   

  12  0:00  Probe  
  13  0:12  Probe  
  14  0:17  Pylon  
  14  0:24  Probe (Chrono Boost)  
  15  0:36  Gateway, Probe (Chrono Boost)  
  16  0:44  Probe (Chrono Boost)  
  16  0:46  Assimilator  
  17  0:51  Probe  
  17  0:54  Assimilator  
  18  1:03  Probe (Chrono Boost)  
  19  1:07  Gateway  
  19  1:12  Probe (Chrono Boost)  
  19  1:17  Probe (Chrono Boost)  
  21  1:27  Cybernetics Core  
  21  1:29  Probe  
  22  1:39  Pylon  
  22  1:41  Probe  
  23  1:57  Probe  
  24  2:03  Warp Gate, Adept x2  
  28  2:09  Pylon  
  28  2:10  Probe  
  29  2:24  Pylon  
  29  2:33  Stalker x2  
  33  2:51  Nexus  
  33  3:03  Sentry x2  
  33  3:04  Shield Battery  
  37  3:16  Robotics Facility  
  37  3:17  Probe  
  38  3:25  Pylon  
  38  3:29  Probe  
  37  3:41  Probe  
  36  3:49  Twilight Council  
  36  3:52  Stalker  
  36  3:53  Probe (Chrono Boost)  
  39  3:56  Stalker  
  42  4:04  Probe (Chrono Boost)  
  42  4:05  Probe (Chrono Boost)  
  42  4:12  Probe x2 (Chrono Boost)  
  42  4:15  Observer  
  42  4:16  Probe (Chrono Boost)  
  45  4:18  Stalker  
  45  4:23  Probe  
  49  4:27  Probe  
  50  4:35  Probe  
  51  4:39  Probe  
  51  4:40  Blink (Chrono Boost)  
  52  4:47  Probe  
  52  4:52  Probe  
  54  4:55  Gateway  
  54  4:57  Pylon  
  54  4:59  Probe  
  55  5:04  Probe  
  56  5:07  Stalker x2  
  56  5:11  Probe  
  61  5:16  Probe  
  61  5:18  Nexus  
  62  5:24  Immortal (Chrono Boost)  
  66  5:30  Pylon  
  66  5:32  Probe  
  66  5:37  Probe  
  66  5:38  Assimilator  
  67  5:44  Zealot, Probe  
  67  5:49  Probe  
  68  5:56  Probe  
  68  5:59  Immortal (Chrono Boost)  
  68  6:01  Probe  
  73  6:09  Probe (Chrono Boost)  
  73  6:10  Forge  
  74  6:12  Stalker  
  77  6:20  Probe (Chrono Boost)  
  77  6:21  Probe (Chrono Boost)  
  77  6:24  Pylon  
  78  6:29  Probe  
  78  6:31  Observer  
  78  6:35  Stalker x2  
  78  6:36  Protoss Ground Weapons Level 1 (Chrono Boost), Probe  
  81  6:41  Probe  
  82  6:48  Stalker  
  82  6:59  Stalker  
  82  7:00  Stalker  
  82  7:02  Probe x3  
  85  7:08  Pylon  
  85  7:11  Gateway  
  85  7:12  Immortal  
  85  7:14  Probe x2  
  87  7:16  Probe  
  87  7:18  Gateway x2  
  87  7:20  Pylon  
  92  7:26  Probe  
  92  7:28  Probe  
  94  7:31  Stalker x2  
  94  7:33  Probe  
  94  7:36  Assimilator  
  99  7:38  Probe, Pylon  
  99  7:39  Gateway  
  99  7:42  Gateway  
  100  7:45  Shield Battery  
  100  7:47  Pylon  
  100  7:50  Stalker  
  102  8:05  Zealot x2  
  106  8:06  Pylon  
  106  8:08  Pylon  
  104  8:14  Zealot x2, Stalker  
  104  8:15  Zealot  
  106  8:20  Shield Battery  
  106  8:23  Shield Battery  
  106  8:25  Stalker  
  106  8:26  Stalker  
  90  8:39  Stalker x5  

Tags
 
Add a new tag
Caveats
  • Supply blocks, unpowered buildings, or Contaminate may cause inaccurate times.
  • Supply counts are checked every 10 seconds.